 Dungeon Crawl Stone Soup version 0.19.1 (console) character file.

77 Morrissey the Sneak (level 4, -1/21 HPs)
             Began as a Spriggan Enchanter on Dec 27, 2016.
             Slain by Grinder (4 damage)
             ... on level 3 of the Dungeon on Dec 28, 2016.
             The game lasted 00:03:42 (1593 turns).

Morrissey the Sneak (Spriggan Enchanter)            Turns: 1593, Time: 00:03:43

Health: -1/21      AC:  3    Str:  4    XL:     4   Next: 13%
Magic:  8/11       EV: 18    Int: 19    God:
Gold:   79         SH:  0    Dex: 16    Spells: 4 memorised, 2 levels left

rFire  . . .     SeeInvis +     a - +1 dagger
rCold  . . .     Gourm    .     b - +1 robe
rNeg   . . .     Faith    .     (shield restricted)
rPois  .         Spirit   .     (helmet restricted)
rElec  .         Reflect  .     (no cloak)
rCorr  .         Harm     .     (gloves unavailable)
MR     .....                    (boots unavailable)
Stlth  +++.......               (no amulet)
                                (no ring)
                                n - +2 ring of intelligence

@: very quick
A: unfitting armour, see invisible, herbivore 3, speed 3, slow metabolism 2
a: no special abilities


You were on level 3 of the Dungeon.
You were not hungry.

You visited 1 branch of the dungeon, and saw 4 of its levels.

You collected 79 gold pieces.

Inventory:

Hand Weapons
 a - a +1 dagger (weapon)
Armour
 b - a +1 robe (worn)
Jewellery
 n - a +2 ring of intelligence (left hand)
Scrolls
 m - a scroll of noise {unknown}
Potions
 e - 2 potions of berserk rage {unknown}
 f - a potion of agility {unknown}
 h - 2 potions of degeneration {unknown}
 j - a potion of heal wounds {unknown}
 k - a potion of flight {unknown}
 l - a potion of experience {unknown}
Books
 c - a book of Maledictions

   Spells                             Type                      Level
   a - Corona                         Hexes                        1
   b - Ensorcelled Hibernation        Hexes/Ice                    2
   c - Confuse                        Hexes                        3
   d - Tukima's Dance                 Hexes                        3
   e - Dazzling Spray                 Conjuration/Hexes            3
Comestibles
 d - a bread ration


   Skills:
 - Level 1.1 Short Blades
 - Level 3.0 Dodging
 * Level 6.5 Stealth
 + Level 4.0 Spellcasting
 - Level 3.7 Hexes


You had 2 spell levels left.
You knew the following spells:

 Your Spells              Type           Power        Failure   Level  Hunger
a - Corona                Hex            ###....      3%          1    None
b - Ensorcelled Hibernat  Hex/Ice        ##....       12%         2    ##.....
c - Confuse               Hex            ###.....     12%         3    ###....
d - Dazzling Spray        Conj/Hex       ##....       21%         3    ###....


Dungeon Overview and Level Annotations

Branches:
Dungeon (4/15)
 Temple: D:4-7

Altars:

Annotations:
D:2 Ijyb
D:3 Grinder
D:4 Blork the orc


Innate Abilities, Weirdness & Mutations

You are very small and have problems with some larger weapons.
You are too small for most types of armour.
You have supernaturally acute eyesight. (SInv)
You are a herbivore.
You cover ground extremely quickly.
You need consume almost no food.


Message History

You start resting.
Magic restored.
There is a stone staircase leading up here.
You climb upwards.
Grinder shouts!
There is a stone staircase leading down here.
Casting: Confuse
Confirm with . or Enter, or press ? or * to list all spells.
Aiming: Confuse
Press: ? - help, Shift-Dir - straight line, f - Grinder
Aim: Grinder (chance to defeat MR: 48%) Grinder appears confused.
Grinder closely misses you.
You barely miss Grinder. Grinder misses you.
You strike the helpless Grinder from behind!
You puncture Grinder!
Grinder is heavily wounded.
Grinder hits you!
* * * LOW HITPOINT WARNING * * *
You writhe in agony.
You die...

####
#..
...
#.#
#.#
#@#
#5#
#.#
#.#
#.#
#.#
#.#
#.#


You could see Grinder (confused).

Vanquished Creatures
  An orc wizard (D:3)
  2 adders (D:3)
  A worm (D:3)
  2 orcs (D:3)
  7 bats
  3 giant cockroaches
  4 goblins
  2 hobgoblins (D:1)
  A jackal (D:1)
  3 kobolds
  2 rats (D:1)
28 creatures vanquished.

Notes
Turn   | Place    | Note
-------+----------+-------------------------------------------
     0 | D:1      | Morrissey the Spriggan Enchanter began the quest for the Orb.
     0 | D:1      | Reached XP level 1. HP: 9/9 MP: 5/5
   205 | D:1      | Reached XP level 2. HP: 5/13 MP: 0/7
   384 | D:1      | Learned a level 2 spell: Ensorcelled Hibernation
   445 | D:1      | Reached skill level 5 in Stealth
   851 | D:2      | Noticed Ijyb
   856 | D:3      | Reached skill level 6 in Stealth
   856 | D:3      | Reached XP level 3. HP: 16/16 MP: 9/9
   903 | D:3      | Learned a level 3 spell: Confuse
   907 | D:3      | Learned a level 3 spell: Dazzling Spray
  1391 | D:3      | Reached XP level 4. HP: 12/21 MP: 8/11
  1534 | D:4      | Noticed Blork the orc
  1590 | D:3      | Noticed Grinder
  1593 | D:3      | Slain by Grinder

Skill      XL: |  1  2  3 |
---------------+----------+-----
Spellcasting   | 3 4 |  4.0
Stealth        | 6 |  6.5
Short Blades   | |  1.1
Dodging        | |  3.0
Hexes          | |  3.7

Action                   |  1- 3 |  4- 6 || total
-------------------------+-------+-------++-------
Melee: Dagger            |   133 |     8 ||   141
 Cast: Corona            |     5 |     1 ||     6
       Ensorcelled Hiber |     2 |     1 ||     3
       Confuse           |       |     2 ||     2
  Use: Scroll            |     2 |       ||     2
 Stab: Sleeping          |    13 |     1 ||    14
       Confused          |       |     1 ||     1
Armor: Robe              |    19 |     4 ||    23
Dodge: Dodged            |   110 |    23 ||   133
